 Dungeon Crawl Stone Soup version 0.31-a0-486-g8d68a81214 (webtiles) character file.

Game seed: 10147996209511125945

30 HallandMoats the Trooper (level 3, -1/30 HPs)
             Began as a Demonspawn Monk on Aug 7, 2023.
             Slain by an adder (3 damage)
             ... on level 2 of the Dungeon.
             The game lasted 00:01:32 (1104 turns).

HallandMoats the Trooper (Demonspawn Monk)          Turns: 1104, Time: 00:01:32

Health: -1/30      AC:  2    Str: 13    XL:     3   Next: 3%
Magic:  4/4        EV: 12    Int: 11    God:
Gold:   55         SH:  0    Dex: 15    Spells: 2/2 levels left

rFire   . . .        a - +0 hand axe
rCold   . . .        d - orb {light}
rNeg    . . .        b - +0 robe
rPois   .            (no helmet)
rElec   .            (no cloak)
rCorr   .            (no gloves)
SInv    .            (no boots)
Will    .....        (no amulet)
Stlth   +            (no ring)
HPRegen 0.25/turn    (no ring)
MPRegen 0.09/turn

%: no passive effects
@: lethally poisoned (-1 -> -4), glowing, very slow
A: powered by pain 1, demonic touch 1
a: no special abilities


You were on level 2 of the Dungeon.
You visited 1 branch of the dungeon, and saw 2 of its levels.

You collected 55 gold pieces.

Inventory:

Hand Weapons
 a - a +0 hand axe (weapon)
Armour
 b - a +0 robe (worn)
 d - an orb of light (worn)
 f - a +0 pair of gloves
Scrolls
 e - 3 scrolls of enchant weapon {unknown}
 h - a scroll of fog {unknown}
 i - 5 scrolls of identify {unknown}
 k - a scroll of revelation {unknown}
 l - a scroll of enchant armour {unknown}
Potions
 c - a potion of ambrosia
 g - a potion of lignification {unknown}
 j - a potion of curing {unknown}


   Skills:
 + Level 3.6 Fighting
 - Level 2.6 Axes
 - Level 2.6 Dodging
 + Level 2.4 Invocations


You had 2 spell levels left.
You didn't know any spells.
Your spell library was empty.

Dungeon Overview and Level Annotations

Branches:
Dungeon (2/15)

Altars:


Innate Abilities, Weirdness & Mutations

You sometimes gain a little power by taking damage.
Your touch may inflict minor irresistible damage on your foes.


Message History

You open the door. The adder bites you but does no damage.
The adder closely misses you. The adder attacks as you move away!
The adder barely misses you.
There is an open door here.
The adder bites you.
You are poisoned.
The adder poisons you! The adder attacks as you move away!
The adder closely misses you.
You feel sick. The adder attacks as you move away!
The adder bites you but does no damage.
You feel sick.
You feel sick. The adder attacks as you move away!
The adder closely misses you.
You feel sick. The adder closely misses you.
The adder attacks as you move away! The adder barely misses you.
You feel sick.
You feel sick.
You are no longer poisoned.
The adder bites you.
* * * LOW HITPOINT WARNING * * *
The adder attacks as you move away! The adder barely misses you.
The adder attacks as you move away! The adder closely misses you.
The adder misses you.
You enter the shallow water.
Moving in this stuff is going to be slow.
The adder closely misses you. x2
The adder bites you.
* * * LOW HITPOINT WARNING * * *
The adder completely misses you. The adder bites you.
* * * LOW HITPOINT WARNING * * *
The adder barely misses you. The adder misses you.
Why would you want to do that? The adder bites you.
* * * LOW HITPOINT WARNING * * *
You are lethally poisoned!
The adder poisons you!
You enter the shallow water.
Moving in this stuff is going to be slow.
* * * LOW HITPOINT WARNING * * *
You feel sick. The adder bites you.
You die...

# #.# # #.# ###
####.###### .. #≈#.......#
########### #≈##.####.#
..........# ##≈##....#.#
...#......#####.≈.####.#.#
...+............S......#.#
...#......#####.@.######.#
...#...........###.# #.#
..##......###### #.# #.#
####.....#########.# #.#
...'.....'........># #.#
.###.....########### #.#
.# #.....# #.# .# #.....#
############.### .#
####### #..............#


You could see an adder.

Vanquished Creatures
  A dart slug (D:1)
  2 bats (D:1)
  5 endoplasms
  3 giant cockroaches (D:1)
  3 goblins
  4 hobgoblins (D:1)
  2 ball pythons (D:1)
  A frilled lizard (D:1)
  2 kobolds (D:1)
23 creatures vanquished.

Notes
Turn   | Place    | Note
-------+----------+-------------------------------------------
     0 | D:1      | HallandMoats the Demonspawn Monk began the quest for the
                  | Orb.
     0 | D:1      | Reached XP level 1. HP: 18/18 MP: 1/1
    43 | D:1      | Reached skill level 1 in Invocations
   152 | D:1      | Gained mutation: Your touch may inflict minor irresistible
                  | damage on your foes. [demonic ancestry]
   152 | D:1      | Reached XP level 2. HP: 16/24 MP: 3/3
   286 | D:1      | Found a faded altar of an unknown god.
   988 | D:2      | Gained mutation: You sometimes gain a little power by
                  | taking damage. [demonic ancestry]
   988 | D:2      | Reached XP level 3. HP: 28/29 MP: 4/4
  1104 | D:2      | Slain by an adder

Illustrated notes

Levels and vault maps discovered:
D:1:      dpeg_arrival_leaves_temple_mockup, layout_basic,
          shapermc_ecumenical_altar_totnotflames
D:2:      layout_basic, serial_rivers, chequers_serial_rivers_micro_b,
          chequers_serial_rivers_small_b, chequers_serial_rivers_micro_e,
          chequers_serial_rivers_micro_a, chequers_serial_rivers_micro_e,
          basic_altar

Skill      XL: |  1  2 |
---------------+-------+-----
Invocations    | 1 2 |  2.4
Fighting       | |  3.6
Axes           | |  2.6
Dodging        | |  2.6

Action                     || total
---------------------------++-------
  Melee: Hand axe          ||    36
 Armour: Robe              ||    12
  Dodge: Dodged            ||    58

Table legend: (Time is in decaauts)
 A = Elapsed time spent in this place.
 B = Non-inter-level travel time spent in this place.
 C = Inter-level travel time spent in this place.
 D = Time resting spent in this place.
 E = Time spent auto-exploring this place.
 F = Levels seen in this place.
 G = Mean time per level.
                   A        B        C        D        E       F      G
               +--------+--------+--------+--------+--------+-----+--------+
         Total |   1112 |   1078 |     34 |      0 |    842 |   2 |  556.0 |
       Dungeon |   1112 |   1078 |     34 |      0 |    842 |   2 |  556.0 |
               +--------+--------+--------+--------+--------+-----+--------+

Top non-repeatable levels by time:
     D:1: 887 daAuts
     D:2: 224 daAuts
